 Dungeon Crawl Stone Soup version 0.20.1-1-g8b1a95d (webtiles) character file.

197 Irenicus the Insei (level 5, -1/36 HPs)
             Began as an Octopode Chaos Knight on Oct 12, 2017.
             Slain by an orc
             ... wielding a +0 mace
              (6 damage)
             ... on level 3 of the Dungeon.
             The game lasted 00:03:40 (1818 turns).

Irenicus the Insei (Octopode Chaos Knight)          Turns: 1818, Time: 00:03:42

Health: -1/36      AC:  1    Str: 10 (11) XL:     5   Next: 75%
Magic:  5/5        EV: 13    Int: 14 (15) God:    Xom [..*...]
Gold:   78         SH:  0    Dex: 10 (12) Spells: 4/4 levels left

rFire    + . .     SeeInvis .     - Unarmed
rCold    + . .     Gourm    +   (no shield)
rNeg     . . .     Faith    .   (helmet restricted)
rPois    +         Spirit   .   b - amulet of the gourmand
rElec    +         Reflect  .   (no ring)
rCorr    +         Harm     .   (no ring)
MR       .....                  (no ring)
Stlth    ++........             (no ring)
Regen    0.2/turn               (no ring)
MPRegen  0.1/turn               (no ring)
                                (no ring)
                                (no ring)

@: resistant, flying, hasted, very quick
A: almost no armour, stealthy swim, amphibious, 8 rings, constrict 8, camouflage
1, gelatinous body 1
a: Renounce Religion


You were on level 3 of the Dungeon.
You worshipped Xom.
You were a toy of Xom.
You were not hungry.

You visited 1 branch of the dungeon, and saw 3 of its levels.

You collected 78 gold pieces.

Inventory:

Jewellery
 b - an amulet of the gourmand (around mantle)
 h - an uncursed ring of ice {unknown}
Scrolls
 e - a scroll of amnesia {unknown}
 f - a scroll of recharging {unknown}
 i - 3 scrolls of identify {unknown}
 j - 2 scrolls of teleportation {unknown}
 l - a scroll of remove curse {unknown}
Potions
 p - a potion of might {unknown}
Comestibles
 a - a bread ration
 c - a royal jelly
 m - a meat ration


   Skills:
 - Level 3.0 Fighting
 - Level 2.3 Dodging
 + Level 6.2 Unarmed Combat


You had 4 spell levels left.
You didn't know any spells.

Dungeon Overview and Level Annotations

Branches:
Dungeon (3/15)

Altars:


Innate Abilities, Weirdness & Mutations

You cannot wear most types of armour.
You are very stealthy in the water. (Stealth+)
You are amphibious.
You can wear up to eight rings at the same time.
You can use your tentacles to constrict eight enemies at once.
Your skin changes colour to match your surroundings (Stealth+).
Your rubbery body absorbs attacks. (AC +1, EV +1)


Message History

Xom thinks this is hilarious!
The adder misses you. The orc priest hits you. The adder bites you.
* * * LOW HITPOINT WARNING * * *
It was a potion of flight.
You feel very buoyant.
You fly up into the air.
The adder bites you but does no damage. The orc closely misses you.
The orc priest closely misses you.
It was a potion of haste.
You feel yourself speed up.
Xom thinks this is hilarious!
Your butterfly disappears in a puff of smoke!
The adder bites you.
* * * LOW HITPOINT WARNING * * *
The orc priest misses you.
It was a potion of degeneration.
There was something very wrong with that liquid.
You feel weakened.
You feel dopey.
You feel clumsy.
Xom thinks this is hilarious!
The adder barely misses you. The orc hits you with a mace.
You die...
Xom giggles madly!

#### ## ##.... .# #.....
#.## ### #....###... #.. #
#.....#.#.# #'#
#.#......##o#### ## #.#
.....)..oS@o...###..#####..
#.#.##..######.##..).......
#.....# ...♣..<..♣. ####'##
#......)... ##...##
##..#####.. ##.....##
####.# #.# #.....b.##
##.##.## ##.#
#.........####...#..###..#
.'.....b..))..b............


You could see an orc priest, an adder and 2 orcs.

Vanquished Creatures
  Crazy Yiuf (D:2)
  An orc priest (D:3)
  Jessica (D:2)
  A gnoll (D:2)
  4 adders (D:2)
  An ooze (D:1)
  A worm (D:2)
  2 dart slugs (D:3)
  A leopard gecko (D:1)
  2 orcs (D:3)
  4 bats
  3 giant cockroaches
  8 goblins
  6 hobgoblins
  5 jackals
  A ball python (D:1)
  4 frilled lizards
  4 kobolds
  5 rats
  A fungus (D:2)
56 creatures vanquished.

Notes
Turn   | Place    | Note
-------+----------+-------------------------------------------
     0 | D:1      | Irenicus the Octopode Chaos Knight began the quest for the Orb.
     0 | D:1      | Reached XP level 1. HP: 16/16 MP: 1/1
    91 | D:1      | Reached XP level 2. HP: 17/21 MP: 2/2
   208 | D:1      | XOM: harmless Conj miscast
   385 | D:1      | Reached skill level 4 in Unarmed Combat
   495 | D:2      | Reached XP level 3. HP: 26/26 MP: 3/3
   599 | D:2      | XOM: cloud trail
   675 | D:2      | XOM: divination: detect items
   678 | D:2      | Noticed Jessica
   699 | D:2      | Killed Jessica
   699 | D:2      | Reached XP level 4. HP: 5/31 MP: 4/4
   922 | D:2      | Reached skill level 5 in Unarmed Combat
  1235 | D:2      | XOM: harmless Summ miscast
  1242 | D:2      | Reached XP level 5. HP: 19/36 MP: 5/5
  1528 | D:2      | XOM: cloud trail
  1538 | D:2      | XOM: harmless Air miscast
  1568 | D:2      | Found a runed door.
  1572 | D:2      | Noticed Crazy Yiuf
  1577 | D:2      | Killed Crazy Yiuf
  1775 | D:3      | Reached skill level 6 in Unarmed Combat
  1793 | D:3      | XOM: butterfly on damage
  1818 | D:3      | Slain by an orc

Skill      XL: |  1  2  3  4  5 |
---------------+----------------+-----
Unarmed Combat | 4 5 6 |  6.2
Fighting       | |  3.0
Dodging        | |  2.3

Action                   |  1- 3 |  4- 6 || total
-------------------------+-------+-------++-------
Melee: Unarmed           |    58 |    73 ||   131
       Constrict         |     8 |    21 ||    29
       Tentacles         |     5 |    17 ||    22
       Punch             |     1 |     3 ||     4
  Use: Potion            |     1 |     5 ||     6
       Scroll            |     1 |       ||     1
 Stab: Sleeping          |     5 |     4 ||     9
  Eat: Chunk             |     8 |     2 ||    10
Armor: Skin              |     6 |    10 ||    16
Dodge: Dodged            |    32 |    50 ||    82
